 Dungeon Crawl Stone Soup version 0.31.0-2-g5a2aebc5c2 (webtiles) character file.

Game seed: 12962188273378189101

22414 Dirian the Cleaver (level 12, 0/106 HPs)
             Began as a Minotaur Fighter on Jan 20, 2024.
             Was an Elder of Okawaru.
             Incinerated by a smoke demon (9 damage)
             ... with a pyre arrow
             ... on level 2 of the Orcish Mines.
             The game lasted 00:23:12 (13130 turns).

Dirian the Cleaver (Minotaur Fighter)              Turns: 13130, Time: 00:23:13

Health: 0/106      AC: 29    Str: 34    XL:     12   Next: 62%
Magic:  14/16      EV: 11    Int:  5    God:    Okawaru [****..]
Gold:   553        SH: 18    Dex:  9    Spells: 11/11 levels left

rFire   . . .        a - +0 broad axe
rCold   . . .        x - +0 kite shield
rNeg    . . .        r - +4 chain mail of Fashionability {Regen+ Str+7 Stlth+}
rPois   +            (helmet restricted)
rElec   .            v - +2 cloak {rPois}
rCorr   +            M - +2 pair of gloves
SInv    .            (no boots)
Will    .....        p - amulet of reflection
Stlth   +            j - ring of resist corrosion
HPRegen 1.17/turn    s - +4 ring of protection
MPRegen 0.15/turn

%: reflection
@: on fire, heroic, spiked, glowing
A: horns 2, retaliatory headbutt
a: Renounce Religion, Heroism, Finesse


You were on level 2 of the Orcish Mines.
You worshipped Okawaru.
Okawaru was greatly pleased with you.
You visited 3 branches of the dungeon, and saw 14 of its levels.
You also visited: Bailey.

You collected 1092 gold pieces.
You spent 539 gold pieces at shops.

Inventory:

Hand Weapons
 a - a +0 broad axe (weapon)
 b - a +4 scimitar of flaming
 I - a +0 broad axe
Missiles
 i - 13 boomerangs (quivered)
Armour
 r - the +4 chain mail of Fashionability (worn) {Regen+ Str+7 Stlth+}
   (You bought it in a shop on level 8 of the Dungeon)

   Str+7:     It affects your strength (+7).
   Regen+:    It increases your rate of health regeneration.
   Stlth+:    It makes you more stealthy.
 v - a +2 cloak of poison resistance (worn)
 x - a +0 kite shield (worn)
 M - a +2 pair of gloves (worn)
Jewellery
 j - a ring of resist corrosion (left hand)
 p - an amulet of reflection (around neck)
 s - a +4 ring of protection (right hand)
 y - a ring of flight
 E - a ring of ice
Wands
 n - a wand of roots (18)
 u - a wand of polymorph (7)
 D - a wand of flame (20)
 J - a wand of quicksilver (5)
Scrolls
 f - 2 scrolls of enchant armour
 g - a scroll of poison
 t - a scroll of teleportation
 z - 4 scrolls of blinking
 A - 4 scrolls of fog
 L - a scroll of silence
Potions
 d - 5 potions of might
 e - 2 potions of cancellation
 h - 7 potions of brilliance
 l - 2 potions of enlightenment
 m - a potion of ambrosia
 o - 4 potions of mutation
 q - a potion of curing
 w - 2 potions of heal wounds
 B - 2 potions of attraction
 C - 5 potions of haste {unknown}
 F - 3 potions of invisibility
 G - 2 potions of magic {unknown}
 H - 2 potions of degeneration {unknown}


   Skills:
 + Level 10.1(15.1) Fighting
 - Level 14.0(19.0) Axes
 * Level 7.8(12.8) Throwing
 + Level 10.5(15.5) Armour
 + Level 11.9(16.9) Shields
 * Level 6.7 Invocations


You had 11 spell levels left.
You didn't know any spells.
Your spell library contained the following spells:

 Spells                   Type           Power      Damage    Failure   Level
 Apportation              Tloc           0%         N/A       86%         1
 Freeze                   Ice            0%         1d3       86%         1
 Sting                    Conj/Alch      0%         1d3       86%         1
 Blink                    Tloc           0%         N/A       94%         2
 Cigotuvi's Dreadful Rot  Necr/Alch/Air  0%         N/A       94%         2
 Ensorcelled Hibernation  Hex/Ice        0%         N/A       94%         2
 Jinxbite                 Hex            0%         N/A       94%         2
 Lesser Beckoning         Tloc           0%         N/A       94%         2
 Mercury Vapours          Alch/Air       0%         N/A       94%         2
 Momentum Strike          Conj/Tloc      0%         3d8       94%         2
 Frozen Ramparts          Ice            0%         1d1       99%         3
 Hailstorm                Conj/Ice       0%         3d5       99%         3
 Inner Flame              Hex/Fire       0%         N/A       99%         3
 Passwall                 Erth           0%         N/A       99%         3
 Swiftness                Air            0%         N/A       99%         3
 Dimensional Bullseye     Hex/Tloc       0%         N/A       100%        4
 Dispel Undead            Necr           0%         3d6       100%        4
 Flame Wave               Conj/Fire      0%         2d4       100%        4
 Iskenderun's Mystic Bla  Conj/Tloc      0%         2d3       100%        4
 Olgreb's Toxic Radiance  Alch           0%         N/A       100%        4
 Sticky Flame             Fire/Alch      0%         2d4       100%        4
 Alistair's Intoxication  Alch           0%         N/A       100%        5
 Tukima's Dance           Hex            Unusable   N/A       N/A         3
 Martyr's Knell           Necr/Summ      Unusable   N/A       N/A         4
 Summon Forest            Summ/Tloc      Unusable   N/A       N/A         5
 Summon Mana Viper        Hex/Summ       Unusable   N/A       N/A         5
 Death Channel            Necr           Unusable   N/A       N/A         6
 Summon Cactus Giant      Summ           Unusable   N/A       N/A         6

Dungeon Overview and Level Annotations

Branches:
Dungeon (11/15) Zot: 25647  Temple (1/1) D:6 Zot: 5998    Lair (0/5) D:11
    Orc (2/2) D:10 Zot: 11525     Elf (0/3) Orc:2        Bailey (visited)

Altars:
Ashenzari
Cheibriados
Dithmenos
Elyvilon
Fedhas
Gozag
Hepliaklqana
Kikubaaqudgha
Makhleb
Nemelex Xobeh
Okawaru
Qazlal
Ru
Sif Muna
Trog
Uskayaw
Vehumet
Wu Jian
Xom
Yredelemnul
Zin
The Shining One

Shops:
D:8 [

Annotations:
D:10 2 runed translucent doors, Shym's ghost, novice TeRe


Innate Abilities, Weirdness & Mutations

You have a pair of horns on your head.
You reflexively headbutt those who attack you in melee.


Message History

* * * LOW HITPOINT WARNING * * *
The sixfirhy hits you but does no damage. x2
The orc high priest hits you but does no damage.
You block the orc warrior's attack. The smoke demon gestures at you.
The ball of steam misses you.
The ball of steam hits the red devil.
The red devil resists.
You block the red devil's attack.
You barely miss the orc high priest.
The orc high priest is severely wounded.
You hit the smoke demon but do no damage.
You closely miss the sixfirhy. You closely miss the red devil.
You slash the orc warrior!
You kill the orc warrior!
Okawaru accepts your kill.
You are engulfed in a cloud of scalding steam.
The liquid fire burns you!
* * * LOW HITPOINT WARNING * * *
The sixfirhy hits you but does no damage. x3
You block the orc high priest's attack.
You hit the orc high priest.
Your headbutt misses the orc high priest.
The orc high priest is severely wounded.
You barely miss the smoke demon. You completely miss the sixfirhy.
You barely miss the red devil. You hit something.
You are engulfed in a cloud of scalding steam.
The liquid fire burns you!
* * * LOW HITPOINT WARNING * * *
The red devil closely misses you. You block the smoke demon's attack. x2
The smoke demon hits you but does no damage.
The orc high priest mumbles some strange prayers to Beogh against you.
You resist with significant effort.
You slice the orc high priest!!
You kill the orc high priest!
Okawaru accepts your kill.
The red devil disappears in a puff of smoke!
The smoke demon disappears in a puff of smoke!
The sixfirhy disappears in a puff of smoke!
You barely miss something. The liquid fire burns you!
You die...

*** *****,** **,,*,,,***
*,,,,,,,*,**
****,.,,,,,,,*
*,*#..,,,,*,**
*##*....,,,,*****
###.#§§...,,,<,***,
##§@§§.§...,,,,,,*,,
#[)§$.§§...,,,,,,*,,
#.)[...§§.#**,,,,,,,
##......###***,,,,,,
**........#**,,,,,**,
*....P......*,,,,,,**
#......P....,,,,,***,
**#...........,,,**,*,,
**,.........P..,,,,****,


There were no monsters in sight!

Vanquished Creatures
  Erica (D:8)
  3 two-headed ogres
  4 orc high priests
  An orc knight (Bailey)
  A deep elf pyromancer (D:8)
  2 orc sorcerers
  An ugly thing (D:10)
  Pikel (D:4)
  2 cyclopes (D:10)
  A kobold blastminer (Orc:2)
  A manticore (D:10)
  An unseen horror (D:11)
  A gargoyle (D:10)
  2 unseen horror zombies
  Jeremiah (D:7)
  3 komodo dragons (D:11)
  Maggie (D:8)
  5 trolls
  Prince Ribbit (D:5)
  Grinder (D:4)
  A shadow (D:10)
  14 yaks
  2 wyverns (D:9)
  Eustachio (D:4)
  A warg (Orc:1)
  A wraith (D:8)
  3 steam dragons
  Grum (D:10)
  4 vampire mosquitoes (D:9)
  3 black bears (D:11)
  2 ice beasts
  4 ogres
  17 orc warriors
  A sky beast (D:7)
  2 wolves (D:10)
  3 centaurs
  3 gnoll sergeants
  5 kobold brigands
  4 bullfrogs
  4 necrophages (D:8)
  4 scorpions
  3 wights (D:9)
  11 killer bees
  An electric eel (D:10)
  A centaur zombie (D:8)
  Crazy Yiuf (D:5)
  16 orc priests
  A bombardier beetle (D:6)
  2 hounds
  4 gnoll boudas
  Jessica (D:3)
  Natasha (thrice) (D:2)
  4 iguanas
  14 orc wizards
  Robin (D:2)
  A howler monkey zombie (D:8)
  39 gnolls
  13 adders
  A shadow imp (D:5)
  A white imp (D:5)
  A dart slug (D:4)
  3 ribbon worms
  74 orcs
  A bat zombie (D:3)
  8 endoplasms
  4 giant cockroaches
  11 hobgoblins
  7 jackals (D:1)
  34 kobolds
  7 quokkas
  5 ball pythons
  4 bats
  2 frilled lizards (D:1)
  2 frilled lizard zombies (D:3)
  18 goblins
  5 rats
418 creatures vanquished.

Vanquished Creatures (others)
  A kobold (D:10)
1 creature vanquished.

Grand Total: 419 creatures vanquished

Notes
Turn   | Place    | Note
-------+----------+-------------------------------------------
     0 | D:1      | Dirian the Minotaur Fighter began the quest for the Orb.
     0 | D:1      | Reached XP level 1. HP: 19/19 MP: 0/0
   121 | D:1      | Reached XP level 2. HP: 27/27 MP: 1/1
   175 | D:1      | Reached skill level 3 in Axes
   176 | D:1      | Reached XP level 3. HP: 33/33 MP: 2/2
   667 | D:2      | Found a bloodstained altar of Trog.
   673 | D:2      | Noticed Natasha
   689 | D:2      | Killed Natasha
   701 | D:2      | Noticed Natasha
   709 | D:2      | Killed Natasha
   710 | D:2      | Reached XP level 4. HP: 3/40 MP: 3/3
   864 | D:2      | Reached skill level 4 in Axes
   888 | D:2      | Noticed Natasha
   896 | D:2      | Killed Natasha
  1016 | D:2      | Reached XP level 5. HP: 47/47 MP: 4/4
  1071 | D:2      | Noticed Robin
  1081 | D:2      | Killed Robin
  1120 | D:2      | Reached skill level 5 in Axes
  1645 | D:3      | Reached skill level 5 in Armour
  1711 | D:3      | Reached XP level 6. HP: 37/53 MP: 5/5
  1788 | D:3      | Noticed Jessica
  1790 | D:3      | Killed Jessica
  1960 | D:3      | Found a faded altar of an unknown god.
  2058 | D:3      | Found an ancient bone altar of Kikubaaqudgha.
  2273 | D:4      | Reached skill level 6 in Axes
  2282 | D:4      | Reached skill level 5 in Fighting
  2701 | D:4      | Reached XP level 7. HP: 60/61 MP: 6/6
  2771 | D:4      | Noticed Grinder
  2773 | D:4      | Paralysed by Grinder for 4 turns
  2793 | D:4      | Killed Grinder
  2794 | D:4      | Reached skill level 7 in Axes
  2794 | D:4      | Reached skill level 5 in Shields
  3466 | D:5      | Entered Level 5 of the Dungeon
  3477 | D:5      | Noticed Pikel
  3483 | D:5      | Noticed Eustachio
  3504 | D:4      | Killed Eustachio
  3505 | D:4      | Reached skill level 8 in Axes
  3505 | D:4      | Reached XP level 8. HP: 67/70 MP: 7/7
  3524 | D:4      | Killed Pikel
  3525 | D:4      | Reached skill level 9 in Axes
  4275 | D:5      | Noticed Prince Ribbit
  4298 | D:5      | Killed Prince Ribbit
  4299 | D:5      | Reached skill level 1 in Throwing
  4513 | D:5      | Found a runed translucent door.
  4514 | D:5      | Noticed Crazy Yiuf
  4521 | D:5      | Killed Crazy Yiuf
  4522 | D:5      | Reached XP level 9. HP: 78/78 MP: 8/8
  4944 | D:6      | Reached skill level 10 in Axes
  4948 | D:6      | Found a staircase to the Ecumenical Temple.
  4964 | Temple   | Entered the Ecumenical Temple
  5545 | D:7      | HP: 3/78 [gnoll/+0 spear[a gnoll sergeant] (3)]
  5973 | D:7      | Noticed Jeremiah
  5990 | D:7      | Killed Jeremiah
  6256 | D:7      | Found an opulent altar of Gozag.
  6257 | D:7      | Found an ornate altar of the Wu Jian Council.
  6258 | D:7      | Found an iron altar of Okawaru.
  6261 | D:7      | Found a sparkling altar of Nemelex Xobeh.
  6267 | D:7      | Became a worshipper of Warmaster Okawaru
  6667 | D:8      | Noticed a deep elf pyromancer
  6682 | D:8      | Killed a deep elf pyromancer
  6683 | D:8      | Reached skill level 11 in Axes
  6683 | D:8      | Reached skill level 1 in Invocations
  6693 | D:8      | Reached * piety under Okawaru
  6694 | D:8      | Reached XP level 10. HP: 42/86 MP: 8/10
  7072 | D:8      | Noticed Maggie
  7083 | D:8      | Killed Maggie
  7377 | D:8      | Noticed Erica
  7405 | D:8      | Killed Erica
  7564 | D:8      | Found Bonwyq's Armour Emporium.
  7819 | D:8      | Reached skill level 12 in Axes
  7830 | D:8      | Found a blossoming altar of Fedhas.
  7883 | D:8      | Reached ** piety under Okawaru
  8256 | D:9      | Reached skill level 5 in Throwing
  8628 | D:9      | Reached XP level 11. HP: 81/94 MP: 10/12
  8766 | D:9      | Noticed a two-headed ogre
  8772 | D:9      | Killed a two-headed ogre
  8772 | D:9      | Reached *** piety under Okawaru
  8998 | D:9      | Reached skill level 13 in Axes
  9223 | D:10     | Entered Level 10 of the Dungeon
  9226 | D:10     | Found a broken altar of Ashenzari.
  9254 | D:10     | Found a hide-covered altar of Uskayaw.
  9262 | D:10     | Noticed Grum
  9282 | D:10     | HP: 3/95 [Grum/+0 halberd (16)]
  9286 | D:10     | Killed Grum
  9433 | D:10     | Found a radiant altar of Vehumet.
  9435 | D:10     | Noticed a two-headed ogre
  9445 | D:10     | Killed a two-headed ogre
  9486 | D:10     | Found a flagged portal.
  9500 | Bailey   | Entered a bailey
  9815 | Bailey   | Noticed an orc knight
  9835 | Bailey   | Killed an orc knight
 10168 | D:10     | Reached **** piety under Okawaru
 10257 | D:10     | Noticed a skeletal warrior
 10258 | D:10     | Noticed a lich
 10258 | D:10     | Noticed Shym's ghost (novice TeRe)
 10258 | D:10     | Noticed a skeletal warrior
 10259 | D:10     | Noticed a yaktaur captain
 10259 | D:10     | Noticed a centaur warrior
 10260 | D:10     | Noticed a skeletal warrior
 10312 | D:10     | Reached skill level 10 in Shields
 10312 | D:10     | Reached skill level 5 in Invocations
 10328 | D:10     | Found a staircase to the Orcish Mines.
 10479 | D:10     | Noticed a green ugly thing
 10490 | D:10     | Killed a green ugly thing
 10887 | D:10     | Found a runed translucent door.
 10902 | D:10     | Noticed a necromancer
 10907 | D:10     | Found a runed translucent door.
 11051 | D:10     | Noticed a harpy
 11490 | D:11     | Noticed a two-headed ogre
 11506 | D:11     | Killed a two-headed ogre
 11506 | D:11     | Reached ***** piety under Okawaru
 11507 | D:11     | Reached skill level 14 in Axes
 11507 | D:11     | Reached XP level 12. HP: 94/104 MP: 15/15
 11582 | D:11     | Found a white marble altar of Elyvilon.
 11908 | D:11     | Found a staircase to the Lair.
 11959 | D:11     | Received a gift from Okawaru
 11960 | D:11     | Reached skill level 10 in Armour
 12527 | D:8      | Bought the +4 chain mail of Fashionability {Regen+ Str+7
                  | Stlth+} for 539 gold pieces
 12640 | Orc:1    | Entered Level 1 of the Orcish Mines
 12667 | Orc:1    | Noticed an orc high priest
 12686 | Orc:1    | Killed an orc high priest
 12725 | Orc:1    | Noticed an orc high priest
 12739 | Orc:1    | Killed an orc high priest
 12952 | Orc:2    | Entered Level 2 of the Orcish Mines
 12952 | Orc:2    | Found a staircase to the Elven Halls.
 13028 | Orc:2    | Reached skill level 10 in Fighting
 13033 | Orc:2    | Noticed an orc high priest
 13060 | Orc:2    | Noticed an orc high priest
 13066 | Orc:2    | Killed an orc high priest
 13130 | Orc:2    | Killed an orc high priest
 13130 | Orc:2    | Incinerated by a smoke demon

Illustrated notes

Levels and vault maps discovered:
D:1:      wheals_arrival_linesprint, layout_rooms
D:2:      layout_loops_ring, basic_altar, minmay_misc_feat_five,
          kennysheep_generic_room_8, uniq_natasha, uniq_robin
D:3:      layout_rooms, lemuel_zombie_altar_kikubaaqudgha,
          basic_ecumenical_altar, serial_glass, glass_columns_a,
          glass_columns_b, hex_tiny, minmay_between, uniq_jessica
D:4:      layout_basic, uniq_grinder
D:5:      layout_cave_pods, uniq_crazy_yiuf_cottage, uniq_eustachio,
          uniq_prince_ribbit1, uniq_pikel
D:6:      layout_loops_cross, minmay_temple_entry_offerings
D:7:      layout_basic, chequers_temple_overflow_statue_of_worship,
          serial_curves, eino_curves_04, eino_curves_02, uniq_jeremiah
D:8:      layout_basic, fedhas_altar_decomposition, serial_shops, shop,
          uniq_erica, uniq_maggie
D:9:      layout_roguey, serial_undead, serial_undead_d, serial_undead_c,
          serial_undead_e, serial_undead_b, kennysheep_generic_room_12
D:10:     layout_loops_cross, mainiacjoe_overflow_catwalk_spiral,
          vehumet_altar_wand_db, david_orc_5, enter_bailey_3,
          muffindrake_ghost_dual_entry, minivault_11, fungi_pond_lemuel,
          minmay_diamond_spiral, uniq_grum
D:11:     layout_rooms, due_lair_maze_entry_diamond, elyvilon_altar_4
Temple:   compressed_dpeg_triangle_lava_temple
Orc:1:    layout_caves
Orc:2:    grunt_orc_gardens, layout_diamond_mine, grunt_orc_garden,
          grunt_orc_garden, grunt_orc_garden, grunt_orc_garden, enter_volcano_1

Skill      XL: |  1  2  3  4  5  6  7  8  9 10 11 12 |
---------------+-------------------------------------+-----
Armour         | 4 5 6 7 8 9 10 | 10.5
Fighting       | 4 5 6 7 8 9 10 | 10.1
Axes           | 3 4 5 6 8 9 11 12 14 | 14.0
Shields        | 4 5 6 8 9 10 11 | 11.9
Throwing       | 1 3 5 6 7 |  7.8
Invocations    | 1 3 5 6 |  6.7

Action                     |  1- 3 |  4- 6 |  7- 9 | 10-12 || total
---------------------------+-------+-------+-------+-------++-------
  Melee: War axe           |    65 |   156 |   238 |    26 ||   485
         Headbutt          |    15 |    22 |    45 |   118 ||   200
         Broad axe         |       |       |       |   650 ||   650
  Throw: Boomerang         |       |       |    15 |     4 ||    19
 Invoke: Heroism           |       |       |       |    15 ||    15
    Use: Scroll            |       |     8 |    11 |     6 ||    25
         Potion            |       |       |     3 |     3 ||     6
   Stab: Invisible         |       |       |     3 |       ||     3
 Armour: Scale mail        |    76 |    41 |       |       ||   117
         Chain mail        |       |    66 |   162 |   442 ||   670
  Dodge: Dodged            |    36 |    46 |    81 |   169 ||   332
  Block: Buckler           |    24 |    52 |   139 |    77 ||   292
         Reflection        |       |     1 |     5 |    26 ||    32
         Kite shield       |       |       |       |   534 ||   534
